 Seeded DCSS version 0.32-a0-999-gfa1cc04b1d (webtiles) character file.

Game seed: 202404243 (custom seed)

11555 Orlauf the Spear-Bearer (level 11, -5/89 HPs)
             Began as a Demonspawn Gladiator on Apr 24, 2024.
             Was an Elder of Uskayaw.
             Slain by an orc warrior
             ... wielding a +0 halberd
              (12 damage)
             ... on level 9 of the Dungeon.
             The game lasted 00:17:35 (8486 turns).

Orlauf the Spear-Bearer (Demonspawn Gladiator)      Turns: 8486, Time: 00:17:37

Health: -5/89      AC: 16    Str: 21    XL:     11   Next: 50%
Magic:  0/18       EV:  5    Int: 12    God:    Uskayaw [****..]
Gold:   504        SH: 11    Dex: 21    Spells: 10/10 levels left

rFire   . . .        a - +1 trident (venom)
rCold   . . .        r - +0 kite shield
rNeg    . . .        D - +2 plate armour {Will+}
rPois   .            H - +1 helmet
rElec   +            b - +0 cloak
rCorr   .            (no gloves)
SInv    +            g - +0 pair of boots
Will    ++...        k - amulet of guardian spirit Stlth
                     A - ring of see invisible
HPRegen 0.34/turn    w - ring "Buwuim" {rElec Str+2 Dex+6}
MPRegen 0.16/turn

%: guardian spirit
@: attractive, studying Polearms
A: powered by death 1, powered by pain 1, big brain 2, demonic willpower,
demonic touch 2
a: Renounce Religion, Stomp, Line Pass


You were on level 9 of the Dungeon.
You worshipped Uskayaw.
Uskayaw was aware of your devotion.
You visited 1 branch of the dungeon, and saw 9 of its levels.
You also visited: Bailey.

You collected 669 gold pieces.
You spent 165 gold pieces at shops.

Inventory:

Hand Weapons
 a - a +1 trident of venom (weapon)
 o - the +5 glaive of the Guard {elec, spectral}
   (You took it off a gnoll bouda in a bailey)
 x - a +0 trident of venom
 B - a +0 glaive
Missiles
 d - 5 throwing nets (quivered)
 j - a javelin
 q - a curare-tipped dart
Armour
 b - a +0 cloak (worn)
 g - a +0 pair of boots (worn)
 r - a +0 kite shield (worn)
 D - a +2 plate armour of willpower (worn)
 E - a +0 crystal plate armour
 H - a +1 helmet (worn)
Jewellery
 k - an amulet of guardian spirit (around neck)
 v - a +5 ring of evasion
 w - the ring "Buwuim" (right hand) {rElec Str+2 Dex+6}
   (You found it on level 6 of the Dungeon)

   [ring of dexterity]

   Str+2:     It affects your strength (+2).
   Dex+6:     It affects your dexterity (+6).
   rElec:     It insulates you from electricity.
 z - a ring of willpower
 A - a ring of see invisible (left hand)
Wands
 e - a wand of polymorph (9)
 y - a wand of flame (33)
 C - a wand of mindburst (12)
Scrolls
 c - 2 scrolls of amnesia
 l - 2 scrolls of brand weapon
 s - 2 scrolls of teleportation
 t - a scroll of enchant weapon
 u - 2 scrolls of vulnerability
Potions
 h - 5 potions of curing
 i - a potion of mutation
 m - a potion of invisibility
 p - a potion of cancellation
 G - a potion of haste


   Skills:
 * Level 9.3 Fighting
 + Level 11.9 Polearms
 - Level 1.7 Throwing
 - Level 2.6 Dodging
 + Level 7.0 Shields
 + Level 10.4 Invocations


You had 10 spell levels left.
You didn't know any spells.
Your spell library contained the following spells:

 Spells                   Type           Power      Damage    Failure   Level
 Dazzling Flash           Conj/Hex       0%         N/A       100%        3
 Volatile Blastmotes      Fire/Tloc      0%         2d10      100%        3
 Fulminant Prism          Conj/Alch      0%         3d5       100%        4
 Iskenderun's Mystic Bla Conj/Tloc 0%             2d3        (+2d1     100%        4
 Leda's Liquefaction      Alch/Erth      0%         N/A       100%        4
 Lee's Rapid Deconstruct  Erth           0%         3d4*      100%        5
 Permafrost Eruption      Ice/Erth       0%         2x4d1     100%        6
 Starburst                Conj/Fire      0%         6d3       100%        6
 Fulsome Fusillade        Conj/Alch      0%         (3-5)d4   100%        8
 Chain Lightning          Conj/Air       0%         N/A       100%        9
 Fire Storm               Conj/Fire      0%         5d1       100%        9
 Shatter                  Erth           0%         3d5*      100%        9


Dungeon Overview and Level Annotations

Branches:
Dungeon (9/15)             Temple (0/1) D:5          Bailey (visited)
   Lair: D:8-11         Orc: D:9-12

Altars:
Fedhas
Nemelex Xobeh
Ru
Trog
Uskayaw
Yredelemnul

Shops:
D:7 [   D:9 =

Annotations:
D:4 1 runed translucent door, hattop's ghost, amateur VSNe
D:5 2 transporters, Bediveer's ghost, novice CoGl
D:8 3 runed translucent doors, theodolus's ghost, novice DsCK


Innate Abilities, Weirdness & Mutations

You regenerate a little health from kills.
You sometimes gain a little power by taking damage.
You have an extremely huge brain. (Int +4)
You punish those that try to bend your will. (Will+)
Your touch may inflict irresistible damage on your foes.


Message History

You block the orc priest's attack. You block the tengu warrior's attack.
The tengu warrior pecks you but does no damage.
You block the tengu warrior's attack.
Uskayaw will force your foes to share their pain.
Unknown command.
You puncture the tengu warrior!
The tengu warrior looks as sick as possible!
The tengu warrior is moderately wounded.
The orc warrior barely misses you. The orc priest hits you with a +0 club.
* * * LOW HITPOINT WARNING * * *
The tengu warrior completely misses you.
The tengu warrior pecks you but does no damage.
You block the tengu warrior's attack.
You closely miss the tengu warrior.
The tengu warrior is moderately wounded.
The orc warrior hits you with a +0 halberd.
* * * LOW HITPOINT WARNING * * *
The orc priest barely misses you.
Unknown command.
You hit the orc warrior but do no damage.
The orc warrior is poisoned.
You block the tengu warrior's attack.
The tengu warrior pecks you but does no damage.
The tengu warrior closely misses you. You block the orc warrior's attack.
The orc priest hits you but does no damage.
You puncture the tengu warrior!
The tengu warrior looks as sick as possible!
The tengu warrior is heavily wounded.
The tengu warrior barely misses you. The tengu warrior pecks you.
* * * LOW HITPOINT WARNING * * *
The tengu warrior claws you but does no damage.
The orc warrior hits you with a +0 halberd!
* * * LOW HITPOINT WARNING * * *
You feel better.
The orc priest hits you but does no damage.
The tengu warrior hits you with a +0 war axe.
* * * LOW HITPOINT WARNING * * *
You block the tengu warrior's attack. x2
The orc warrior hits you with a +0 halberd!
You die...
Your body falls in perfect tune with the rhythm.

#..........# ..
#...##
.....##........
...#...##
....###########
#.........
....##############
..########
....Q##.#$.$.....#
########
##.......#.#....ß#
..#..+....
#...............∩#
..#..#####
.#...##.#.#....oß#
..#..# #
.....##.$#$#...o@#
#.#..#####
.....##########Q+#
#.#....... #..###
#... #.#.......
#### ##..
#.######## .####
.E+.. #...).....
....# .###..
+...#..... ..≈## .
#... #..)'.....
#### ####
######)....
############
#..........


You could see a tengu warrior (extremely poisoned), a water elemental, an orc
warrior (very poisoned) and an orc priest (very poisoned).

Vanquished Creatures
  2 two-headed ogres
  Pikel (D:6)
  2 deep elf pyromancers (D:9)
  Maggie (D:6)
  Grinder (D:5)
  4 slime creatures (D:9)
  A shadow (D:9)
  7 yaks (D:9)
  2 wyverns
  2 vampire mosquitoes (D:9)
  4 steam dragons
  Menkaure (D:7)
  Edmund (D:4)
  4 water moccasins
  2 orc warriors
  3 ice beasts
  3 sky beasts
  8 wolves (Bailey)
  3 centaurs
  A phantom (D:7)
  A kobold brigand (D:5)
  6 bullfrogs
  11 gnoll sergeants
  3 scorpions (D:5)
  7 wights
  A howler monkey (D:9)
  A quasit (D:6)
  3 hounds
  6 jellies
  7 gnoll boudas
  Crazy Yiuf (D:5)
  5 orc priests
  2 iguanas
  Ijyb (D:4)
  Natasha (thrice) (D:2)
  15 orc wizards
  30 gnolls
  5 adders
  4 shadow imps (D:6)
  5 white imps (D:6)
  7 ufetubi
  A dart slug (D:4)
  29 orcs
  5 ball pythons
  5 bats
  4 endoplasms
  4 giant cockroaches
  5 goblins
  4 hobgoblins
  4 jackals (D:1)
  14 kobolds
  2 quokkas
  3 frilled lizards
  3 rats
260 creatures vanquished.

Vanquished Creatures (others)
  A shadow imp (D:7)
1 creature vanquished.

Grand Total: 261 creatures vanquished

Notes
Turn   | Place    | Note
-------+----------+-------------------------------------------
     0 | D:1      | Orlauf the Demonspawn Gladiator began the quest for the
                  | Orb.
     0 | D:1      | Reached XP level 1. HP: 16/16 MP: 1/1
   169 | D:1      | Reached skill level 3 in Polearms
   173 | D:1      | Gained mutation: Your touch may inflict minor irresistible
                  | damage on your foes. [demonic ancestry]
   173 | D:1      | Reached XP level 2. HP: 18/22 MP: 2/2
   446 | D:1      | Found a faded altar of an unknown god.
   679 | D:2      | Found a blossoming altar of Fedhas.
   784 | D:2      | Gained mutation: Your touch may inflict irresistible damage
                  | on your foes. [demonic ancestry]
   784 | D:2      | Reached XP level 3. HP: 26/28 MP: 3/3
  1005 | D:2      | Noticed Natasha
  1009 | D:2      | Killed Natasha
  1010 | D:2      | Reached skill level 4 in Polearms
  1010 | D:2      | Gained mutation: You have an unusually large brain. (Int
                  | +2) [demonic ancestry]
  1010 | D:2      | Reached XP level 4. HP: 35/35 MP: 4/4
  1226 | D:2      | Noticed Natasha
  1234 | D:2      | Killed Natasha
  1486 | D:2      | Noticed Natasha
  1493 | D:2      | Killed Natasha
  1589 | D:3      | Gained mutation: You sometimes gain a little power by
                  | taking damage. [demonic ancestry]
  1589 | D:3      | Reached XP level 5. HP: 36/41 MP: 5/5
  1658 | D:3      | Found a sacrificial altar of Ru.
  1663 | D:3      | Found a bloodstained altar of Trog.
  1664 | D:3      | Found a basalt altar of Yredelemnul.
  1664 | D:3      | Found a hide-covered altar of Uskayaw.
  1678 | D:3      | Became a worshipper of Uskayaw the Reveller
  1749 | D:3      | Reached * piety under Uskayaw
  2347 | D:4      | Noticed Ijyb
  2348 | D:4      | Noticed Edmund
  2356 | D:4      | Killed Ijyb
  2356 | D:4      | Reached ** piety under Uskayaw
  2357 | D:4      | Reached skill level 1 in Invocations
  2360 | D:4      | Reached *** piety under Uskayaw
  2365 | D:4      | Killed Edmund
  2366 | D:4      | Reached skill level 5 in Polearms
  2366 | D:4      | Gained mutation: You regenerate a little health from kills.
                  | [demonic ancestry]
  2366 | D:4      | Reached XP level 6. HP: 25/48 MP: 5/7
  2636 | D:4      | Found a runed translucent door.
  2637 | D:4      | Noticed hattop's ghost (amateur VSNe)
  2826 | D:5      | Entered Level 5 of the Dungeon
  2853 | D:5      | Found a runed translucent door.
  2855 | D:5      | Noticed Crazy Yiuf
  2855 | D:5      | Noticed Grinder
  2870 | D:5      | Reached **** piety under Uskayaw
  2873 | D:5      | Killed Crazy Yiuf
  2874 | D:5      | Killed Grinder
  2875 | D:5      | Reached skill level 1 in Shields
  2875 | D:5      | Reached XP level 7. HP: 36/55 MP: 2/9
  3030 | D:5      | Noticed a steam dragon
  3040 | D:5      | Killed a steam dragon
  3041 | D:5      | Reached skill level 6 in Polearms
  3213 | D:5      | Reached ***** piety under Uskayaw
  3219 | D:5      | Gained mutation: You have an extremely huge brain. (Int +4)
                  | [demonic ancestry]
  3219 | D:5      | Reached XP level 8. HP: 61/61 MP: 8/11
  3231 | D:5      | Reached skill level 5 in Fighting
  3271 | D:5      | Found a staircase to the Ecumenical Temple.
  3474 | D:5      | Noticed a hornet
  3477 | D:5      | Noticed Bediveer's ghost (novice CoGl)
  3482 | D:5      | Found a transporter.
  3532 | D:5      | Found a transporter.
  3738 | D:6      | Noticed Pikel
  3763 | D:6      | Killed Pikel
  3764 | D:6      | Reached skill level 7 in Polearms
  3764 | D:6      | Reached skill level 5 in Invocations
  3780 | D:6      | Noticed Maggie
  3801 | D:6      | Killed Maggie
  3802 | D:6      | Gained mutation: You punish those that try to bend your
                  | will. (Will+) [demonic ancestry]
  3802 | D:6      | Reached XP level 9. HP: 25/69 MP: 5/13
  3982 | D:6      | Reached skill level 8 in Polearms
  3995 | D:6      | Identified the ring "Buwuim" {rElec Str+2 Dex+6}
  4908 | D:7      | Noticed Menkaure
  4917 | D:7      | Killed Menkaure
  4947 | D:7      | Found a flagged portal.
  4959 | D:7      | Reached skill level 9 in Polearms
  5046 | Bailey   | Entered a bailey
  5248 | Bailey   | Reached skill level 5 in Shields
  5259 | Bailey   | Reached XP level 10. HP: 78/79 MP: 15/15
  5303 | Bailey   | Reached ****** piety under Uskayaw
  5921 | D:7      | Found Viemir's Antique Armour Boutique.
  6164 | D:7      | Bought a shiny helmet for 165 gold pieces
  6213 | D:8      | Found a runed translucent gate.
  6213 | D:8      | Found a runed translucent gate.
  6213 | D:8      | Found a runed translucent gate.
  6213 | D:8      | Noticed theodolus's ghost (novice DsCK)
  6237 | D:8      | Noticed a two-headed ogre
  6252 | D:8      | Killed a two-headed ogre
  6253 | D:8      | Reached skill level 10 in Polearms
  6913 | D:8      | Found a sparkling altar of Nemelex Xobeh.
  7322 | D:9      | Noticed a two-headed ogre
  7333 | D:9      | Killed a two-headed ogre
  7352 | D:9      | Noticed a deep elf pyromancer
  7369 | D:9      | Killed a deep elf pyromancer
  7370 | D:9      | Reached skill level 11 in Polearms
  7459 | D:9      | Reached XP level 11. HP: 84/86 MP: 16/18
  7956 | D:9      | Reached skill level 10 in Invocations
  8451 | D:9      | Noticed a tengu warrior
  8465 | D:9      | Found Qifok's Jewellery Shoppe.
  8465 | D:9      | Noticed a deep elf pyromancer
  8480 | D:9      | Killed a deep elf pyromancer
  8486 | D:9      | Slain by an orc warrior

Illustrated notes

Levels and vault maps discovered:
D:1:      elethiomel_arrival_maze, layout_rooms,
          chequers_ecumenical_altar_island
D:2:      layout_basic, basic_altar, uniq_natasha
D:3:      layout_basic, grunt_temple_overflow_open, serial_corexii_hall,
          corexii_hall_statues_t, corexii_hall_statues_x,
          chequers_serial_rivers_small_a, dreamdust_mushroom_princess,
          corexii_corridor_pit
D:4:      layout_rooms, gammafunk_ghost_grave, nicolae_elevator_lobby_plus,
          uniq_ijyb, uniq_edmund
D:5:      layout_cave_pools, minmay_temple_entry_junction, gammafunk_ghost_hive,
          kennysheep_nub, uniq_crazy_yiuf_cottage, uniq_grinder
D:6:      layout_cave_pools, serial_demonic, serial_demonic_d, serial_demonic_g,
          serial_demonic_e, serial_demonic_f, serial_demonic_d,
          serial_demonic_d, serial_demonic_a, serial_demonic_c,
          chequers_serial_rivers_room_a, uniq_maggie, uniq_pikel
D:7:      layout_loops_ring, serial_shops, nicolae_shop_advertising_works
          [nicolae_subvault_shop_adworks], enter_bailey_2, uniq_menkaure
D:8:      layout_gridville, mainiacjoe_overflow_cross_hatched,
          ebering_ghost_rock_garden, minmay_manual_monstrance
D:9:      regret_index_early_branch_jog, layout_stronghold, billiards_dpeg

Skill      XL: |  1  2  3  4  5  6  7  8  9 10 11 |
---------------+----------------------------------+-----
Polearms       | 3 4 5 6 7 9 11 | 11.9
Fighting       | 3 4 6 7 8 9 |  9.3
Invocations    | 2 3 4 6 7 9 10 | 10.4
Shields        | 1 2 3 5 6 7 |  7.0
Throwing       | |  1.7
Dodging        | |  2.6

Action                     |  1- 3 |  4- 6 |  7- 9 | 10-12 || total
---------------------------+-------+-------+-------+-------++-------
  Melee: Trident           |    66 |    92 |   362 |   450 ||   970
         Touch             |     5 |    11 |       |       ||    16
  Throw: Javelin           |       |     1 |       |       ||     1
         Throwing net      |       |     1 |       |       ||     1
  Evoke: Wand              |       |       |     2 |     7 ||     9
    Use: Scroll            |     4 |     8 |     4 |     4 ||    20
         Potion            |       |     1 |     4 |     6 ||    11
   Stab: Paralysed         |       |     2 |    20 |    36 ||    58
         Invisible         |       |       |     9 |       ||     9
 Armour: Leather armour    |    17 |       |       |       ||    17
         Chain mail        |    21 |    40 |   249 |       ||   310
         Ring mail         |     1 |       |       |       ||     1
         Skin              |       |     8 |       |       ||     8
         Plate armour      |       |       |    75 |   240 ||   315
  Dodge: Dodged            |    20 |    16 |   196 |    80 ||   312
  Block: Kite shield       |       |     4 |   246 |   221 ||   471

Table legend: (Time is in decaauts)
 A = Elapsed time spent in this place.
 B = Non-inter-level travel time spent in this place.
 C = Inter-level travel time spent in this place.
 D = Time resting spent in this place.
 E = Time spent auto-exploring this place.
 F = Levels seen in this place.
 G = Mean time per level.
                   A        B        C        D        E       F      G
               +--------+--------+--------+--------+--------+-----+--------+
         Total |   8470 |   8243 |    227 |   1113 |   5012 |  10 |  847.0 |
       Dungeon |   7727 |   7500 |    227 |    874 |   4761 |   9 |  858.6 |
        Bailey |    743 |    743 |      0 |    239 |    251 |   1 |  743.0 |
               +--------+--------+--------+--------+--------+-----+--------+

Top non-repeatable levels by time:
     D:9: 1220 daAuts
     D:5: 1070 daAuts
     D:7: 915 daAuts
     D:2: 873 daAuts
     D:8: 837 daAuts
     D:6: 827 daAuts
  Bailey: 743 daAuts
     D:3: 719 daAuts
     D:1: 691 daAuts
     D:4: 570 daAuts
